 Dungeon Crawl Stone Soup version 0.24-a0-537-g2d01d4ab0a (webtiles) character file.

Game seed: 10801086014871758327

697884 kiredor the Slayer (level 27, -3/196 HPs)
             Began as a Gargoyle Fighter on Aug 15, 2019.
             Was the Champion of Okawaru.
             Slain by an Orb Guardian (9 damage)
             ... on level 4 of the Realm of Zot.
             The game lasted 04:22:09 (62887 turns).

kiredor the Slayer (Gargoyle Fighter)              Turns: 62887, Time: 04:22:10

Health: -3/196     AC: 71    Str: 40    XL:     27
Magic:  32/32      EV: 16    Int:  8    God:    Okawaru [******]
Gold:   9456       SH:  0    Dex:  9    Spells: 26/26 levels left

rFire    + . .     SeeInvis +   q - +8 eveningstar "Lithror" {god gift, freeze, MR+}
rCold    + . .     Gourm    .   X - +10 large shield of Ignorance {rN+ Int-4}
rNeg     + + .     Faith    .   v - +8 crystal plate armour {rC+}
rPois    ∞         Spirit   .   M - +2 hat "Nafig" {rPois Regen+ Int+2}
rElec    +         Reflect  +   T - +0 cloak of the Sailor {rF+ MR+ Slay+5}
rCorr    +         Harm     .   h - +2 pair of gloves {archery} {god gift}
MR       +++++                  u - +2 pair of boots
Stlth    ..........             t - brooch of Shielding {Reflect SH+8}
HPRegen  0.82/turn              w - +4 ring of strength
MPRegen  0.23/turn              J - ring "Xauw" {MR+ rCorr Str+4}

@: confused, flying, slowed, very slow
A: big wings, see invisible, deterioration 1, negative energy resistance 1,
electricity resistance, unbreathing, petrification resistance, rot immunity,
subdued magic 1, sturdy frame 1, AC +20
}: 3/15 runes: decaying, silver, gossamer
a: Stop Flying, Heroism, Finesse, Renounce Religion


You were on level 4 of the Realm of Zot.
You worshipped Okawaru.
Okawaru was exalted by your worship.
You were very hungry.

You visited 10 branches of the dungeon, and saw 49 of its levels.
You visited the Abyss 1 time.
You also visited: Ice Cave and Wizlab.

You collected 10749 gold pieces.
You spent 1293 gold pieces at shops.


Innate Abilities, Weirdness & Mutations

You are resistant to torment.
Your stone body is resilient. (AC +20)
You are immune to poison.
Your large and strong wings let you fly indefinitely.
You resist negative energy. (rN+)
You are resistant to electric shocks. (rElec)
You can survive without breathing.
You are immune to petrification.
You are immune to rotting.
You have supernaturally acute eyesight. (SInv)
Your body sometimes deteriorates upon taking damage.
Your spells are a little easier to cast, but a little less powerful.
Your movements are slightly less encumbered by armour. (ER -2)

Dungeon Overview and Level Annotations

Branches:
Dungeon (15/15)            Temple (1/1) D:4            Lair (6/6) D:11
  Swamp (4/4) Lair:4       Spider (4/4) Lair:4        Slime (0/5) Lair:6
    Orc (2/2) D:10            Elf (2/3) Orc:2        Vaults (5/5) D:13
  Crypt (0/3) Vaults:2     Depths (5/5) D:15            Zot (5/5) Depths:5

Altars:
Ashenzari
Cheibriados
Dithmenos
Elyvilon
Fedhas
Gozag
Hepliaklqana
Kikubaaqudgha
Makhleb
Nemelex Xobeh
Okawaru
Qazlal
Ru
Sif Muna
Trog
Uskayaw
Vehumet
Wu Jian
Xom
Yredelemnul
Zin
The Shining One
Beogh

Shops:
D:7 !   D:8 %   D:13 [*   Orc:2 }(*?=   Depths:1 [*

Portals:
Hell: Depths:1 Depths:2 Depths:3 Depths:4 Depths:5
Abyss: Depths:2 Depths:4 Depths:5
Pandemonium: Orc:2 Depths:2 Depths:3 Depths:4
Ziggurat: Depths:1


   Skills:
 + Level 26.1 Fighting
 - Level 16.0 Maces & Flails
 + Level 12.6 Throwing
 + Level 26.1 Armour
 + Level 17.3 Dodging
 - Level 25.0 Shields
 - Level 13.0 Invocations
 - Level 7.0 Evocations


You had 26 spell levels left.
You didn't know any spells.
Your spell library contained the following spells:

 Spells                   Type           Power        Failure   Level  Hunger
 Animate Skeleton         Necr           N/A          75%         1    ##.....
 Apportation              Tloc           #.....       75%         1    ##.....
 Beastly Appendage        Tmut           #.....       75%         1    ##.....
 Corona                   Hex            #......      75%         1    ##.....
 Flame Tongue             Conj/Fire      #....        75%         1    ##.....
 Infusion                 Chrm           #...         75%         1    ##.....
 Magic Dart               Conj           #...         75%         1    ##.....
 Pain                     Necr           #...         75%         1    ##.....
 Shock                    Conj/Air       #...         75%         1    ##.....
 Summon Butterflies       Summ           #.......     75%         1    ##.....
 Summon Small Mammal      Summ           #...         75%         1    ##.....
 Blink                    Tloc           N/A          87%         2    ###....
 Call Imp                 Summ           #.......     87%         2    ###....
 Corpse Rot               Necr           N/A          87%         2    ###....
 Ensorcelled Hibernation  Hex/Ice        #.....       87%         2    ###....
 Passwall                 Tmut/Erth      #.......     87%         2    ###....
 Searing Ray              Conj           #.....       87%         2    ###....
 Shroud of Golubria       Chrm/Tloc      #.....       87%         2    ###....
 Slow                     Hex            #.......     87%         2    ###....
 Song of Slaying          Chrm           #.......     87%         2    ###....
 Sticks to Snakes         Tmut           #.......     87%         2    ###....
 Swiftness                Chrm/Air       #.......     87%         2    ###....
 Throw Flame              Conj/Fire      #.....       87%         2    ###....
 Call Canine Familiar     Summ           #.......     98%         3    ####...
 Confuse                  Hex            #.......     98%         3    ####...
 Conjure Flame            Conj/Fire      #.......     98%         3    ####...
 Dazzling Spray           Conj/Hex       #.....       98%         3    ####...
 Gell's Gravitas          Tloc           #.........   98%         3    ####...
 Ignite Poison            Fire/Tmut/Pois #.......     98%         3    ####...
 Inner Flame              Hex/Fire       #.......     98%         3    ####...
 Lesser Beckoning         Tloc           #.........   98%         3    ####...
 Mephitic Cloud           Conj/Pois/Air  #.......     98%         3    ####...
 Regeneration             Chrm/Necr      #.........   98%         3    ####...
 Spectral Weapon          Hex/Chrm       #.......     98%         3    ####...
 Static Discharge         Conj/Air       #.......     98%         3    ####...
 Summon Guardian Golem    Hex/Summ       #.......     98%         3    ####...
 Teleport Other           Tloc           #.......     98%         3    ####...
 Tukima's Dance           Hex            #.......     98%         3    ####...
 Vampiric Draining        Necr           #.........   98%         3    ####...
 Airstrike                Air            #.........   100%        4    #####..
 Animate Dead             Necr           N/A          100%        4    #####..
 Cause Fear               Hex            #.........   100%        4    #####..
 Force Lance              Conj/Tloc      #.......     100%        4    #####..
 Fulminant Prism          Conj/Hex       #.........   100%        4    #####..
 Ice Form                 Ice/Tmut       #.......     100%        4    #####..
 Iskenderun's Mystic Bla  Conj           #.......     100%        4    #####..
 Leda's Liquefaction      Hex/Erth       #.........   100%        4    #####..
 Passage of Golubria      Tloc           N/A          100%        4    #####..
 Sticky Flame             Conj/Fire      #.......     100%        4    #####..
 Summon Ice Beast         Ice/Summ       #.......     100%        4    #####..
 Summon Lightning Spire   Summ/Air       #.......     100%        4    #####..
 Agony                    Necr           #.......     100%        5    ######.
 Alistair's Intoxication  Tmut/Pois      #.......     100%        5    ######.
 Blade Hands              Tmut           #.........   100%        5    ######.
 Bolt of Draining         Conj/Necr      #.........   100%        5    ######.
 Bolt of Magma            Conj/Fire/Erth #.........   100%        5    ######.
 Borgnjor's Vile Clutch   Necr/Erth      #.........   100%        5    ######.
 Dispel Undead            Necr           #.......     100%        5    ######.
 Excruciating Wounds      Chrm/Necr      #.........   100%        5    ######.
 Fireball                 Conj/Fire      #.........   100%        5    ######.
 Irradiate                Conj/Tmut      #.........   100%        5    ######.
 Iskenderun's Battlesphe  Conj/Chrm      #.......     100%        5    ######.
 Lee's Rapid Deconstruct  Erth           #.........   100%        5    ######.
 Lightning Bolt           Conj/Air       #.........   100%        5    ######.
 Metabolic Englaciation   Hex/Ice        #.........   100%        5    ######.
 Silence                  Hex/Air        #.........   100%        5    ######.
 Summon Mana Viper        Hex/Summ       #.......     100%        5    ######.
 Venom Bolt               Conj/Pois      #.........   100%        5    ######.
 Yara's Violent Unravell  Hex/Tmut       #.........   100%        5    ######.
 Bolt of Cold             Conj/Ice       #.........   100%        6    #######
 Conjure Ball Lightning   Conj/Air       #.........   100%        6    #######
 Darkness                 Hex            #.........   100%        6    #######
 Deflect Missiles         Chrm/Air       #.........   100%        6    #######
 Freezing Cloud           Conj/Ice/Air   #.........   100%        6    #######
 Hydra Form               Tmut           #.........   100%        6    #######
 Invisibility             Hex            #.......     100%        6    #######
 Iron Shot                Conj/Erth      #.........   100%        6    #######
 Ozocubu's Refrigeration  Ice            #.........   100%        6    #######
 Shadow Creatures         Summ           N/A          100%        6    #######
 Simulacrum               Ice/Necr       #.........   100%        6    #######
 Dragon Form              Tmut           #.........   100%        7    #######
 Orb of Destruction       Conj           #.........   100%        7    #######
 Spellforged Servitor     Conj/Summ      #.........   100%        7    #######
 Summon Hydra             Summ           #.........   100%        7    #######
 Discord                  Hex            #.........   100%        8    #######
 Ignition                 Fire           #.........   100%        8    #######
 Shatter                  Erth           #.........   100%        9    #######
 Tornado                  Air            #.........   100%        9    #######
 Sublimation of Blood     Necr           Unusable     N/A         2    N/A
 Statue Form              Tmut/Erth      Unusable     N/A         6    N/A

Action                   |  1- 3 |  4- 6 |  7- 9 | 10-12 | 13-15 | 16-18 | 19-21 | 22-24 | 25-27 || total
-------------------------+-------+-------+-------+-------+-------+-------+-------+-------+-------++-------
Melee: Flail             |   148 |   265 |   105 |   253 |   163 |       |       |       |       ||   934
       Spear             |       |       |   292 |   440 |       |       |       |       |       ||   732
       Hand axe          |       |       |       |   354 |    23 |       |       |       |       ||   377
       Scimitar          |       |       |       |    32 |       |       |       |       |       ||    32
       Demon whip        |       |       |       |       |  1672 |  1961 |    22 |       |       ||  3655
       Morningstar       |       |       |       |       |       |       |  1762 |  1300 |   166 ||  3228
       Eveningstar       |       |       |       |       |       |       |       |   650 |  2434 ||  3084
Throw: Boomerang         |       |       |       |    39 |    19 |    39 |       |       |       ||    97
       Javelin           |       |       |       |       |       |       |    29 |       |    25 ||    54
Invok: Heroism           |       |       |     2 |     8 |    11 |    16 |    12 |    16 |    29 ||    94
       Finesse           |       |       |       |       |       |       |     1 |     3 |     8 ||    12
 Abil: Fly               |       |       |       |       |     1 |       |       |       |       ||     1
Evoke: Wand              |       |     4 |    13 |    20 |     6 |    22 |     2 |     5 |     3 ||    75
       Phial of floods   |       |       |       |     1 |       |     1 |     1 |       |     4 ||     7
       Lightning rod     |       |       |       |     1 |       |       |       |       |       ||     1
       Phantom mirror    |       |       |       |       |       |       |     1 |       |     2 ||     3
       Lamp of fire      |       |       |       |       |       |       |     2 |       |     4 ||     6
  Use: Scroll            |     6 |     8 |     2 |    13 |    19 |    17 |    11 |    16 |    29 ||   121
       Potion            |     1 |     3 |     2 |     6 |       |     6 |    16 |    16 |    19 ||    69
 Stab: Paralysed         |       |       |       |    20 |     5 |     3 |       |       |       ||    28
       Petrified         |       |       |       |     4 |     8 |       |       |       |       ||    12
       Confused          |       |       |       |       |     1 |     1 |     1 |       |       ||     3
       Distracted        |       |       |       |       |       |       |       |     1 |     2 ||     3
       Fleeing           |       |       |       |       |       |       |       |       |     1 ||     1
  Eat: Chunk             |       |     5 |    11 |    20 |    35 |    24 |    27 |    27 |    23 ||   172
       Ration            |       |       |       |     3 |     1 |     3 |       |     2 |     6 ||    15
Armor: Scale mail        |    86 |   220 |   189 |    79 |       |       |       |       |       ||   574
       Chain mail        |       |       |       |   515 |    90 |       |       |       |       ||   605
       Crystal plate arm |       |       |       |       |   738 |  1024 |  1329 |   585 |   837 ||  4513
Dodge: Dodged            |    45 |   110 |   113 |   268 |   348 |   357 |   515 |   341 |   588 ||  2685
Block: Shield            |    80 |   224 |   203 |   585 |       |       |       |       |       ||  1092
       Buckler           |       |       |       |    87 |   957 |       |       |       |       ||  1044
       Reflection        |       |       |       |     3 |    17 |    56 |   111 |   147 |    82 ||   416
       Large shield      |       |       |       |       |    49 |  2399 |  3160 |  2260 |  3761 || 11629
       Rpst.: Scimitar   |       |       |       |     3 |       |       |       |       |       ||     3

Skill      XL: |  1  2  3  4  5  6  7  8  9 10 11 12 13 14 15 16 17 18 19 20 21 22 23 24 25 26 27 |
---------------+----------------------------------------------------------------------------------+-----
Fighting       | 4 5 6 7 8 9 11 12 13 14 15 16 17 18 19 20 21 22 23 26 | 26.1
Armour         | 4 5 6 7 8 9 11 12 13 14 15 16 17 18 19 20 21 22 23 26 | 26.1
Shields        | 4 5 6 7 8 9 10 11 13 14 15 16 17 18 19 20 21 22 25 | 25.0
Maces & Flails | 3 4 5 6 7 8 9 10 12 13 14 15 16 | 16.0
Evocations     | 1 2 3 5 7 |  7.0
Invocations    | 1 3 5 6 8 9 10 11 12 13 | 13.0
Throwing       | 4 8 11 12 | 12.6
Dodging        | 3 5 7 9 10 12 13 17 | 17.3

Inventory:

Hand Weapons
 a - the +7 morningstar of the Grave {god gift, holy, +Inv rF+ rC+}
   (Okawaru gifted it to you on level 1 of the Depths)

   It has been blessed by the Shining One to cause great damage to the undead
   and demons.
   It protects you from fire.
   It protects you from cold.
   It lets you turn invisible.
 b - a +3 sacred scourge of holy wrath
 n - the +8 demon whip "Ogreslayer" {god gift, flame, *Drain rPois rF+++ Dex+3}
   (Okawaru gifted it to you on level 5 of the Realm of Zot)

   It has been specially enchanted to burn those struck by it, causing extra
   injury to most foes and up to half again as much damage against particularly
   susceptible opponents.
   It affects your dexterity (+3).
   It renders you almost immune to fire.
   It protects you from poison.
   It causes draining when unequipped.
 q - the +8 eveningstar "Lithror" (weapon) {god gift, freeze, MR+}
   (Okawaru gifted it to you on level 2 of the Depths)

   It has been specially enchanted to freeze those struck by it, causing extra
   injury to most foes and up to half again as much damage against particularly
   susceptible opponents.
   It can also slow down cold-blooded creatures.
   It affects your resistance to hostile enchantments.
Missiles
 e - 3 throwing nets {!f}
 s - 47 silver javelins (quivered) {god gift}
Armour
 h - a +2 pair of gloves of archery (worn) {god gift}
 u - a +2 pair of boots (worn)
 v - a +8 crystal plate armour of cold resistance (worn)
 M - the +2 hat "Nafig" (worn) {rPois Regen+ Int+2}
   (You found it on level 1 of the Spider Nest)

   It affects your intelligence (+2).
   It protects you from poison.
   It increases your rate of regeneration.
 T - the +0 cloak of the Sailor (worn) {rF+ MR+ Slay+5}
   (You found it on level 2 of the Depths)

   It affects your accuracy and damage with ranged weapons and melee attacks
   (+5).
   It protects you from fire.
   It affects your resistance to hostile enchantments.
 X - the +10 large shield of Ignorance (worn) {rN+ Int-4}
   (You took it off a daeva on level 3 of the Depths)

   It affects your intelligence (-4).
   It protects you from negative energy.
Jewellery
 t - the brooch of Shielding (around neck) {Reflect SH+8}
   (You took it off a tengu warrior on level 4 of the Depths)

   [amulet of reflection]

   It shields you and reflects attacks.
   It affects your SH (+8).
 w - a +4 ring of strength (left hand)
 J - the ring "Xauw" (right hand) {MR+ rCorr Str+4}
   (You acquired it on level 11 of the Dungeon)

   [ring of resist corrosion]

   It affects your strength (+4).
   It affects your resistance to hostile enchantments.
   It provides partial protection from all sources of acid and corrosion.
Wands
 m - a wand of digging (3)
 p - a wand of paralysis (1)
 x - a wand of iceblast (35)
 G - a wand of acid (22)
Scrolls
 g - 8 scrolls of amnesia
 j - 9 scrolls of fog
 r - 21 scrolls of remove curse {@r4}
 y - 9 scrolls of identify {@r3}
 z - a scroll of fear
 B - 31 scrolls of teleportation {@r1}
 I - 11 scrolls of blinking {@r2}
 K - 4 scrolls of magic mapping
 O - 2 scrolls of brand weapon
Potions
 d - 3 potions of berserk rage
 i - 3 potions of agility
 C - a potion of magic
 E - 19 potions of curing {@q2}
 F - 4 potions of cancellation
 L - 6 potions of brilliance
 Q - 3 potions of haste {@q4}
Miscellaneous
 l - a lamp of fire
 o - a lightning rod (4/4)
 N - a phial of floods
Comestibles
 f - 89 rations

### ### ####.# ##.#
####...#####.##
###......###...#
#...X.X.###...########
##...X@.##.....##......
#....## ##...
#......(..##...##
##...# #........##..(##
##...## ###.....###..##
##...## #...(###..##
#...####


You could see a death cob and 3 Orb Guardians.

Vanquished Creatures
  6 orbs of fire
  2 ancient liches (Zot:5)
  Mennas (Depths:3)
  Mara (Spider:3)
  3 juggernauts (Depths:4)
  Sojobo (Vaults:2)
  4 Killer Klowns
  Frederick (Vaults:2)
  A caustic shrike (Depths:4)
  3 curse toes
  13 golden dragons
  Nikola (Depths:3)
  Jory (Vaults:3)
  Arachne (Spider:3)
  6 liches
  4 electric golems
  20 tentacled monstrosities
  22 Orb Guardians (Zot:5)
  Asterion (Spider:1)
  The ghost of Lulakk the Champion of Chaos, an adept DDFi of Makhleb (Vaults:2)
  15 quicksilver dragons
  4 titans
  The ghost of Ruupoynew the Peltast, an adept HOFi of Makhleb (Spider:1)
  A tentacled starspawn (WizLab)
  12 sphinxes
  16 death cobs
  The ghost of P0WERM0DE the Warrior, an adept GrFi of Okawaru (Swamp:4)
  A thorn hunter (Swamp:4)
  10 shadow dragons
  Kirke (D:15)
  17 tengu reavers
  20 storm dragons
  Roxanne (Swamp:3)
  18 frost giants
  A storm dragon (shapeshifter) (Vaults:5)
  A revenant (Vaults:2)
  3 daevas (Depths:3)
  7 draconian scorchers
  2 iron dragons
  Louise (D:15)
  4 draconian monks
  4 deep elf sorcerers
  15 fire giants
  10 ghost moths
  17 vault wardens
  Aizul (Swamp:3)
  9 draconian knights
  7 emperor scorpions
  3 angels (Depths:3)
  An iron dragon (shapeshifter) (Vaults:5)
  The ghost of Enish the Warrior, a journeyman FoCK of Okawaru (Lair:6)
  An orc warlord (Vaults:3)
  4 draconian stormcallers
  7 draconian shifters
  A curse skull (Vaults:2)
  3 deep elf elementalists
  2 war gargoyles
  32 stone giants
  23 very ugly things
  8 draconian annihilators
  17 ironheart preservers
  5 spriggan defenders
  9 entropy weavers
  11 green draconians
  4 deep elf demonologists
  10 black draconians
  9 red draconians
  Nessos (D:15)
  8 white draconians
  31 purple draconians
  5 spark wasps
  A dire elephant (Lair:6)
  9 yellow draconians
  2 deep elf annihilators (Vaults:5)
  A deep elf death mage (Vaults:5)
  A merfolk impaler (Depths:2)
  A crystal guardian (Vaults:2)
  2 blizzard demons
  An eidolon (Vaults:2)
  17 ettins
  Snorg (Orc:1)
  23 fire dragons
  4 deep elf high priests
  4 great orbs of eyes
  3 rakshasas
  12 yaktaur captains
  9 ice dragons
  The ghost of kroki the Fighter, a journeyman FoFi of Okawaru (D:9)
  45 vault guards
  3 ghost crabs
  23 hydras
  9 spriggan air magi
  10 centaur warriors
  4 catoblepae
  Erica (D:9)
  3 shambling mangroves
  A two-headed ogre (shapeshifter) (Depths:4)
  26 dancing weapons
  4 death knights
  8 alligators
  A catoblepas (shapeshifter) (Vaults:5)
  12 ogre magi
  3 death yaks (Lair:6)
  51 two-headed ogres
  9 deep troll earth magi
  12 deep troll shamans
  5 thrashing horrors
  A queen ant (Lair:3)
  7 tengu warriors
  A vampire mage (Depths:3)
  8 orc high priests
  3 spriggans
  A storm dragon zombie (Depths:3)
  11 hell knights
  2 spriggan berserkers
  17 deep elf knights
  A wretched star (Abyss:2)
  6 shadow wraiths
  6 iron trolls
  2 skeletal warriors
  3 sixfirhies
  46 deep trolls
  A storm dragon skeleton (Depths:3)
  3 gelid demonspawn
  9 flayed ghosts
  5 glowing orange brains
  An obsidian statue (WizLab)
  6 cherubim (Depths:3)
  9 unseen horrors
  An infernal demonspawn (Depths:4)
  15 ironbrand convokers
  A torturous demonspawn (Orc:2)
  10 swamp dragons
  An orange crystal statue (Zot:5)
  A golden dragon skeleton (Depths:3)
  A lindwurm (Lair:6)
  3 wizards
  8 harpies
  A harpy (shapeshifter) (D:11)
  Pikel (D:6)
  19 orc knights
  14 deep elf archers
  6 necromancers
  2 phantasmal warriors
  18 orb spiders
  A mana viper (shapeshifter) (Depths:4)
  37 wolf spiders
  28 slime creatures
  64 deep elf magi
  48 ugly things
  A faun (Lair:5)
  A fire giant zombie (Depths:3)
  6 orc sorcerers
  4 worldbinders
  2 salamanders (shapeshifter) (Vaults:5)
  2 stone giant zombies (Vaults:5)
  13 manticores
  4 black mambas
  11 cyclopes
  2 elephants (Lair:6)
  Maurice (Orc:2)
  A black mamba (shapeshifter) (Depths:4)
  32 moths of wrath
  A naga mage (D:15)
  An eye of devastation (shapeshifter) (Vaults:5)
  A smoke demon (WizLab)
  5 centaur skeletons
  13 vault sentinels
  2 ice statues (IceCv)
  A hellion (Depths:4)
  5 torpor snails
  2 gargoyles
  5 orange demons
  2 eyes of devastation
  18 spiny frogs
  8 freezing wraiths
  2 efreet (D:15)
  3 rime drakes
  8 demonic crawlers
  9 komodo dragons
  2 kobold demonologists (D:15)
  10 ice devils (IceCv)
  3 hellwings
  3 tengu conjurers
  29 yaktaurs
  An ancient zyme (Abyss:2)
  A jumping spider (shapeshifter) (Vaults:5)
  10 trolls
  2 red devils
  18 tyrant leeches
  39 jumping spiders
  14 hornets
  2 polar bears (Lair:3)
  9 large abominations
  35 blink frogs
  8 hippogriffs
  9 dream sheep
  A raiju (shapeshifter) (Vaults:1)
  A fire giant simulacrum (Vaults:2)
  12 bog bodies
  A hippogriff (shapeshifter) (Vaults:1)
  8 flying skulls (Abyss:2)
  48 tarantellas
  A centaur simulacrum (D:15)
  7 small abominations
  A spriggan (shapeshifter) (D:11)
  A redback (shapeshifter) (Depths:2)
  4 shadows
  2 air elementals (Elf:2)
  96 redbacks
  10 water elementals
  5 ynoxinuls
  6 wraiths
  5 wyverns
  3 hogs
  A yak (shapeshifter) (Vaults:1)
  A human (D:9)
  2 neqoxecs
  43 yaks
  A vampire (D:14)
  6 basilisks
  A fire elemental (Elf:1)
  A fire bat (shapeshifter) (Vaults:1)
  A yaktaur simulacrum (Vaults:1)
  4 chaos spawn
  3 hungry ghosts
  4 wargs
  24 vampire mosquitoes
  4 spatial vortices (WizLab)
  12 swamp worms
  4 acid dragons
  A redback simulacrum (D:15)
  15 soldier ants
  17 insubstantial wisps
  5 floating eyes
  A floating eye (shapeshifter) (Depths:1)
  9 porcupines
  13 water moccasins
  2 hell hounds
  19 swamp drakes
  4 ice beasts
  2 eyes of draining
  53 orc warriors
  4 phantoms
  27 ogres
  6 black bears
  4 sky beasts
  2 slaves (D:6)
  3 necrophages
  10 boggarts
  An ogre (shapeshifter) (Vaults:4)
  39 wolves
  10 crocodiles
  29 centaurs
  5 big kobolds
  6 earth elementals
  17 bullfrogs
  A wyvern zombie (D:14)
  A gnoll sergeant (D:5)
  3 human simulacra
  8 scorpions
  A scorpion (shapeshifter) (Vaults:5)
  5 killer bees
  A water moccasin skeleton (D:11)
  6 wights (D:11)
  12 howler monkeys
  An electric eel (Spider:3)
  6 crimson imps
  A bullfrog zombie (D:7)
  5 centaur zombies
  6 quasits
  13 starcursed masses
  8 hounds
  4 jellies
  24 orc priests
  6 iron imps
  2 bullfrog skeletons
  4 iguanas
  Ijyb (D:3)
  20 orc wizards
  44 worker ants
  2 hound zombies
  A hound skeleton (D:11)
  2 worker ant zombies (D:5)
  A howler monkey skeleton (D:5)
  6 gnolls
  10 adders
  4 shadow imps
  10 white imps
  A worker ant simulacrum (D:11)
  7 ufetubi
  An ooze (D:6)
  An adder zombie (D:7)
  2 worms
  3 dart slugs
  5 leopard geckos
  102 orcs
  2 ball pythons
  14 bats
  7 giant cockroaches
  10 hobgoblins
  15 jackals
  4 quokkas
  8 frilled lizards
  14 goblins
  30 kobolds
  9 rats
  3 crawling corpses
  2 fungi (Lair:6)
  2 starspawn tentacles (WizLab)
2690 creatures vanquished.

Vanquished Creatures (collateral kills)
  the Lernaean hydra (Swamp:4)
  A slime creature (Swamp:3)
  A hydra (Swamp:4)
  2 moths of wrath
  A demonic crawler (Spider:4)
  3 tarantellas (Spider:4)
9 creatures vanquished.

Vanquished Creatures (others)
  A tentacled monstrosity (Depths:5)
  An eldritch tentacle (WizLab)
  A fire giant (Depths:1)
  2 draconian knights (Zot:1)
  A vault warden (Vaults:5)
  A stone giant (Depths:5)
  A reaper (IceCv)
  3 yaktaur captains
  3 centaur warriors
  An alligator (Swamp:1)
  A deep troll shaman (Depths:3)
  A deep troll (Depths:3)
  4 deep elf archers
  A deep elf mage (Elf:2)
  12 yaktaurs
  A tarantella (Spider:4)
  A vampire mosquito (Swamp:4)
  A sky beast (D:11)
  An orc warrior (Vaults:4)
  A swamp drake (Swamp:4)
  9 centaurs
  An earth elemental (Depths:3)
  4 white imps (IceCv)
  4 ufetubi (IceCv)
  5 orcs
  A quokka (D:8)
  A crawling corpse (Depths:4)
  23 fungi
  A lurking horror (Abyss:2)
  10 plants
  A starspawn tentacle (WizLab)
99 creatures vanquished.

Grand Total: 2798 creatures vanquished

Levels and vault maps discovered:
D:1:      elethiomel_arrival_diamonds, layout_basic
D:2:      layout_rooms, chequers_ecumenical_altar_simple_redux
D:3:      layout_rooms, tgw_xom, lemuel_round_altar, uniq_ijyb
D:4:      layout_basic, minmay_temple_entry_grid, first_ration
D:5:      layout_cave_pods, nicolae_overflow_crystal_walls,
          grunt_temple_overflow_open
D:6:      layout_basic, grunt_decor_fettered, uniq_pikel
D:7:      layout_loops_ring, overflow_temple_1_default, trog_ov_bears_minmay,
          serial_shops, nicolae_shop_window_shopping
D:8:      layout_loops_ring, grunt_qazlal_sundering, lemuel_round_altar,
          serial_shops, kennysheep_mini_moat, elyvilon_altar_4
D:9:      layout_big_octagon, gammafunk_ghost_wrathful_warriors,
          grunt_livestock, uniq_erica
D:10:     layout_loops_corners, minmay_orc_entry_temple_small, basic_altar
D:11:     minmay_the_grid_square_5x5_5x5 [minmay_the_grid_square_5x5_inner_v,
          minmay_the_grid_square_5x5_plus, minmay_the_grid_square_5x5_percent,
          minmay_the_grid_square_5x5_three_walls,
          minmay_the_grid_square_5x5_spiral_small,
          minmay_the_grid_square_5x5_sharp_hourglass,
          minmay_the_grid_square_5x5_prize_deathbox,
          minmay_the_grid_square_5x5_tetrominoes,
          minmay_the_grid_square_5x5_prize_itemx,
          minmay_the_grid_square_5x5_eight, minmay_the_grid_square_5x5_shrine2,
          minmay_the_grid_square_5x5_two, minmay_the_grid_square_5x5_prize_gold,
          minmay_the_grid_square_5x5_lines, minmay_the_grid_square_5x5_inset,
          minmay_the_grid_square_5x5_checkered_sparse,
          minmay_the_grid_square_5x5_prize_junk,
          minmay_the_grid_square_5x5_shrine1,
          minmay_the_grid_square_5x5_prize_snowflake,
          minmay_the_grid_square_5x5_inner_z, minmay_the_grid_square_5x5_slash,
          minmay_the_grid_square_5x5_shuriken,
          minmay_the_grid_square_5x5_gyroscope,
          minmay_the_grid_square_5x5_fancy_junction,
          minmay_the_grid_square_5x5_beaten_path], layout_loops_ring,
          lair_entry_dummy
D:12:     layout_basic, kb_lookout_dungeons_type
D:13:     layout_basic, lightli_vaults_fourway_checkpoint, serial_shops,
          kennysheep_mini, shop, gauntlet_entry_generic
D:14:     layout_gridville, minmay_misc_feat_enclosed, basic_altar,
          nicolae_straight_to_the_point
D:15:     grunt_enter_depths_magical_seal, layout_cave_pools,
          nemelex_xobeh_ov_fountains_minmay, uniq_nessos, uniq_kirke,
          uniq_louise
Temple:   oiseaux_autumnal_temple
Lair:1:   layout_regular_city, portal_ice_cave_entry_pillars_2
Lair:2:   layout_regular_city, minivault_26, serial_bayou_shore_b
Lair:3:   layout_big_grid, zaba_anthell, lemuel_fruit_tree
Lair:4:   layout_layer_cave, minmay_swamp_entry_wisps,
          nicolae_spider_entry_orb_guardian, grunt_forest_stairs_basic
Lair:5:   layout_cave_pods, serial_bayou_pond_e, grunt_forest_large_clearings
Lair:6:   hangedman_lair_in_review, layout_loops_ring, dpeg_slime_entry_corner,
          ebering_ghost_reflecting_pool, nicolae_lair_grove_arrangements
Swamp:1:  layout_basic_swamp, evilmike_swamp_ruin_house_5
Swamp:2:  layout_falls_marsh, hangedman_swamp_blocks
Swamp:3:  layout_basic_swamp, evilmike_swamp_ruin_house_6, uniq_aizul,
          uniq_roxanne
Swamp:4:  grunt_swamp_rune_castle, layout_basic_swamp, ebering_ghost_xom,
          swamp_pool5, nicolae_swamp_dense_foliage
Spider:1: nicolae_spider_mines_2, gammafunk_ghost_berserking_beasts, drop_trap,
          uniq_asterion
Spider:2: layout_spider_delve
Spider:3: layout_spider_delve, guppyfry_spider_mini_3, uniq_arachne, uniq_mara
Spider:4: johnstein_spider_rune_arachne_lair
Orc:1:    layout_caves, uniq_snorg
Orc:2:    pf_orc_diabolical, layout_diamond_mine, serial_shops,
          nicolae_shop_statue_plus, uniq_maurice
Elf:1:    eino_elf_arrival_shootout, layout_onion_city, mu_enter_wizlab_6,
          hangedman_elf_disciples, einodemon_barbed_minivault
Elf:2:    layout_onion_city
Vaults:1: vaults_room_octagon, v_misc_23, v_misc_33, hangedman_vaults_corner,
          nicolae_vaults_holding_cells, vaults_mumra_hexcomb,
          nicolae_vaults_big_angled_halls, v_misc_27, v_misc_22,
          ontoclasm_vaults_idyll, vaults_standard_mumra_enter_the_diamond,
          ontoclasm_vaults_decontamination, v_pattern_4, vaults_room_pools,
          layout_vaults_ring
Vaults:2: gammafunk_vaults_ghost_spectres, v_misc_2, v_misc_5, v_misc_1,
          blue_anna_dwarven_crypt, hangedman_vaults_impose,
          hangedman_vaults_trim, sword_in_stone, layout_vaults_omnigrid,
          basic_altar
Vaults:3: st_greater_box_1, vaults_dpeg_encased_lava,
          nicolae_vaults_twisting_passages, vaults_room_pools,
          hangedman_vaults_capsules, grunt_vaults_funnel, v_misc_18,
          vaults_room_fours, nicolae_vaults_network_barrier,
          layout_vaults_omnibox, basic_altar, uniq_jory
Vaults:4: vaults_room_glass_cross, ontoclasm_vaults_twist, v_rooms_2,
          v_alt_pattern_6, vaults_dpeg_ring, vaults_dpeg_doors,
          nicolae_vaults_triangles, grunt_vaults_twisty,
          nicolae_vaults_little_squares_5, serial_ice_m, v_pattern_5,
          vaults_room_fours, layout_vaults_omnicross
Vaults:5: serial_shops
Depths:1: layout_basic, enter_ziggurat_d, grunt_hell_entry_dis_old,
          chequers_serial_rivers_marsh, serial_shops, shop,
          nicolae_transmutations_shop, feat_on_display, firewood_loft
Depths:2: angbandy_vault, layout_basic, rand_demon_pan_entry_9,
          hangedman_abyss_or_decor_jellyfish_corner,
          pf_vacation_house_of_asmodeus, minmay_room_of_horrors,
          corexii_hall_statues_deadend, minmay_staircase_windowed_small,
          uniq_sojobo
Depths:3: evilmike_silver_temple, layout_gridlike, rand_demon_pan_entry_8,
          hell_entry, hangedman_stitches_earthworm,
          infiniplex_staircase_zigzag_1, uniq_frederick, uniq_nikola
Depths:4: minmay_octagon_city, layout_basic, abyss_entry,
          grunt_pan_entry_spiral, corexii_hall_statues_s, hell_entry,
          special_room [special_room_mythical_zoo]
Depths:5: evilmike_zot_entry_diamond, layout_small_grid, abyss_entry,
          hell_entry, moated_statue, drop_trap
Zot:1:    layout_basic
Zot:2:    layout_gridlike, grunt_ministairs_6, evilmike_ambush
          [evilmike_ambush_outer_basic, evilmike_ambush_inner_pond],
          grunt_megastairs_3
Zot:3:    cheibrodos_zot_enchanting_chambers, layout_misc_corridors,
          grunt_megastairs_4
Zot:4:    gammafunk_its_a_trap, layout_cathedral_of_symmetry
Zot:5:    layout_twisted_circle


Message History

Evoke which item? (* to show all) (? for menu, Esc to quit)
Okay, then.
Press: ? - help, v - describe, . - travel
Here: an Orb Guardian (berserk, fast, unusually strong)
The floor.
There are monsters nearby!
Press: ? - help, v - describe, . - travel
Here: an Orb Guardian (berserk, fast, unusually strong)
The floor.
You bump into the rock wall.
The death cob hits you!
* * * LOW HITPOINT WARNING * * *
The death cob drains your vigour!
You feel yourself slow down. The Orb Guardian misses you.
The Orb Guardian barely misses you. The Orb Guardian hits you!
* * * LOW HITPOINT WARNING * * *
The death cob hits you!
* * * LOW HITPOINT WARNING * * *
The Orb Guardian hits you but does no damage.
The Orb Guardian misses you. The Orb Guardian hits you!
You die...

Notes
Turn   | Place    | Note
-------+----------+-------------------------------------------
     0 | D:1      | kiredor the Gargoyle Fighter began the quest for the Orb.
     0 | D:1      | Reached XP level 1. HP: 14/14 MP: 1/1
   110 | D:1      | Reached XP level 2. HP: 19/19 MP: 2/2
   339 | D:1      | Reached XP level 3. HP: 24/24 MP: 3/3
   820 | D:2      | Noticed a scorpion
   858 | D:2      | Killed a scorpion
   858 | D:2      | Reached XP level 4. HP: 15/29 MP: 4/4
   989 | D:2      | Found a faded altar of an unknown god.
  1059 | D:2      | Reached XP level 5. HP: 33/33 MP: 5/5
  1175 | D:2      | You fall into a shaft and drop 1 floor!
  1178 | D:3      | Found an ornate altar of the Wu Jian Council.
  1186 | D:3      | Noticed Ijyb
  1506 | D:3      | Killed Ijyb
  1744 | D:3      | Reached XP level 6. HP: 35/39 MP: 6/6
  1819 | D:3      | Found a shimmering altar of Xom.
  2164 | D:4      | Reached skill level 1 in Evocations
  2237 | D:4      | Reached skill level 5 in Fighting
  2255 | D:4      | Found a staircase to the Ecumenical Temple.
  2283 | Temple   | Entered the Ecumenical Temple
  2284 | Temple   | Reached XP level 7. HP: 39/44 MP: 7/7
  2444 | Temple   | Became a worshipper of Warmaster Okawaru
  2631 | D:4      | Reached skill level 5 in Armour
  2631 | D:4      | Reached skill level 5 in Shields
  2990 | D:5      | Entered Level 5 of the Dungeon
  3055 | D:5      | Reached * piety under Okawaru
  3055 | D:5      | Reached skill level 1 in Invocations
  3130 | D:5      | Reached XP level 8. HP: 38/50 MP: 9/9
  3169 | D:5      | Found a hide-covered altar of Uskayaw.
  3198 | D:5      | Noticed a yak
  3198 | D:5      | Noticed a yak
  3198 | D:5      | Noticed a yak
  3198 | D:5      | Noticed a yak
  3198 | D:5      | Noticed a yak
  3209 | D:5      | Noticed a yak
  3215 | D:5      | Killed a yak
  3219 | D:5      | Killed a yak
  3219 | D:5      | Reached ** piety under Okawaru
  3228 | D:5      | Killed a yak
  3228 | D:5      | Reached skill level 5 in Maces & Flails
  3241 | D:5      | Killed a yak
  3267 | D:5      | Killed a yak
  3267 | D:5      | Reached XP level 9. HP: 18/56 MP: 11/11
  3713 | D:5      | Found a basalt altar of Yredelemnul.
  3713 | D:5      | Found a burning altar of Makhleb.
  3903 | D:5      | Reached *** piety under Okawaru
  5178 | D:6      | Noticed Pikel
  5198 | D:6      | Killed Pikel
  5294 | D:6      | Reached skill level 5 in Invocations
  5479 | D:7      | Reached XP level 10. HP: 59/63 MP: 13/13
  5805 | D:7      | Found a sparkling altar of Nemelex Xobeh.
  5830 | D:7      | Found Todollew's Distillery.
  5895 | D:7      | Found a bloodstained altar of Trog.
  5940 | D:7      | Reached **** piety under Okawaru
  6314 | D:8      | Noticed a two-headed ogre
  6328 | D:8      | Killed a two-headed ogre
  6328 | D:8      | Received a gift from Okawaru
  6365 | D:8      | Found Ohofeem's Food Boutique.
  6466 | D:8      | Found a shattered altar of Ashenzari.
  6841 | D:8      | Reached ***** piety under Okawaru
  6921 | D:8      | Found a stormy altar of Qazlal.
  6980 | D:8      | Found a white marble altar of Elyvilon.
  7594 | D:9      | Received a gift from Okawaru
  7639 | D:9      | Noticed Erica
  7649 | D:9      | Killed Erica
  7649 | D:9      | Reached XP level 11. HP: 67/69 MP: 14/16
  7767 | D:9      | Found a transporter.
  7906 | D:9      | Identified the +9 great sword "Qoef" {drain, Str+7}
  7906 | D:9      | Noticed a tengu warrior
  7906 | D:9      | Identified the +8 great mace "Xekiusk" {vamp, rF+ Dex+9}
  7906 | D:9      | Noticed a two-headed ogre
  7907 | D:9      | Noticed a deep troll
  7908 | D:9      | Noticed kroki's ghost (journeyman FoFi)
  7910 | D:9      | Found a bloodstained altar of Trog.
  7911 | D:9      | Noticed a moth of wrath
  7926 | D:9      | Found a transporter.
  8073 | D:10     | Entered Level 10 of the Dungeon
  8073 | D:10     | Found a shimmering altar of Xom.
  8106 | D:10     | Noticed a two-headed ogre
  8117 | D:10     | Killed a two-headed ogre
  8117 | D:10     | Received a gift from Okawaru
  8240 | D:10     | Found a staircase to the Orcish Mines.
  8249 | D:10     | Found a roughly hewn altar of Beogh.
  8688 | D:10     | Noticed an unseen horror
  8748 | D:10     | Killed an unseen horror
  8766 | D:10     | Noticed a two-headed ogre
  8774 | D:10     | Killed a two-headed ogre
  9175 | D:10     | You fall into a shaft and drop 3 floors!
  9258 | D:12     | Noticed a two-headed ogre
  9486 | D:11     | Received a gift from Okawaru
  9494 | D:11     | Noticed a deep elf mage
  9497 | D:11     | Noticed a catoblepas
  9500 | D:11     | Noticed a seven-headed hydra
  9639 | D:11     | Noticed a cyclops
  9673 | D:11     | Killed a cyclops
  9694 | D:11     | Identified a scroll of acquirement
  9695 | D:11     | Got a clouded granite ring
  9697 | D:11     | Identified the ring "Xauw" {MR+ rCorr Str+4} (You acquired
                  | it on level 11 of the Dungeon)
  9720 | D:11     | Found a staircase to the Lair.
  9756 | D:11     | Reached XP level 12. HP: 72/77 MP: 18/18
  9770 | D:11     | Reached skill level 10 in Armour
  9829 | D:11     | Reached skill level 10 in Fighting
  9997 | D:11     | Killed a one-headed hydra
  9997 | D:11     | Reached skill level 10 in Shields
 10261 | D:11     | Noticed an eight-headed hydra
 10273 | D:11     | Killed a one-headed hydra
 10305 | D:11     | Killed a catoblepas
 10305 | D:11     | Reached ****** piety under Okawaru
 10409 | D:11     | Noticed a centaur warrior
 10423 | D:11     | Killed a centaur warrior
 10436 | D:11     | Received a gift from Okawaru
 10451 | D:11     | Got an encrusted buckler {god gift}
 10585 | D:11     | Identified the +3 buckler of the Game of Life {god gift,
                  | rC+ rCorr Dex+2} (Okawaru gifted it to you on level 11 of
                  | the Dungeon)
 10606 | D:11     | Found an iron altar of Okawaru.
 11009 | D:11     | Reached XP level 13. HP: 62/84 MP: 20/20
 11642 | Lair:1   | Entered Level 1 of the Lair of Beasts
 11685 | Lair:1   | Reached skill level 10 in Maces & Flails
 12034 | Lair:1   | Found a frozen archway.
 12046 | IceCv    | Entered an ice cave
 12123 | IceCv    | Reached skill level 10 in Invocations
 12422 | IceCv    | Noticed a reaper
 12427 | IceCv    | Killed a reaper
 12929 | Lair:1   | Received a gift from Okawaru
 12935 | Lair:1   | Identified the +6 demon trident of Compulsion {god gift,
                  | pain, Int+2 Stlth+} (Okawaru gifted it to you on level 1 of
                  | the Lair of Beasts)
 14554 | Lair:3   | Received a gift from Okawaru
 14895 | Lair:3   | Gained mutation: Your large and strong wings let you fly
                  | indefinitely. [Gargoyle growth]
 14895 | Lair:3   | Reached XP level 14. HP: 88/92 MP: 22/22
 14907 | Lair:3   | Got a scorched rapier
 14908 | Lair:3   | Identified the +5 rapier "Ceykhan" {elec, *Drain rF++
                  | Stlth+} (You found it on level 3 of the Lair of Beasts)
 15304 | Lair:4   | Found a hole to the Spider Nest.
 15592 | Lair:4   | Found a staircase to the Swamp.
 15701 | Lair:4   | Received a gift from Okawaru
 16853 | Lair:5   | Got a steaming quarterstaff
 16854 | Lair:5   | Identified the +10 quarterstaff of Ragnarok {protect,
                  | *Corrode rPois rN+} (You found it on level 5 of the Lair of
                  | Beasts)
 17633 | Lair:6   | Entered Level 6 of the Lair of Beasts
 17928 | Lair:6   | Received a gift from Okawaru
 18008 | Lair:6   | Found a runed translucent door.
 18008 | Lair:6   | Noticed Enish's ghost (journeyman FoCK)
 18225 | Lair:6   | Noticed a dire elephant
 18273 | Lair:6   | Killed a dire elephant
 18297 | Lair:6   | Reached XP level 15. HP: 46/99 MP: 23/23
 18591 | Lair:6   | Found a staircase to the Slime Pits.
 20323 | Orc:1    | Entered Level 1 of the Orcish Mines
 20323 | Orc:1    | Noticed Snorg
 20344 | Orc:1    | Killed Snorg
 20540 | Orc:1    | You are sucked into a shaft and drop 1 floor!
 20540 | Orc:2    | Entered Level 2 of the Orcish Mines
 20598 | Orc:2    | Noticed Maurice
 20607 | Orc:2    | Killed Maurice
 20659 | Orc:2    | Found a staircase to the Elven Halls.
 20769 | Orc:2    | Found Xuilo's General Store.
 20798 | Orc:2    | Found Ynaokhluq's Magic Scroll Shoppe.
 20935 | Orc:2    | Received a gift from Okawaru
 20971 | Orc:2    | Bought a scroll of identify for 22 gold pieces
 20973 | Orc:2    | Bought a scroll of teleportation for 36 gold pieces
 20973 | Orc:2    | Bought a scroll of blinking for 90 gold pieces
 20973 | Orc:2    | Bought a scroll of blinking for 90 gold pieces
 20973 | Orc:2    | Bought a scroll of teleportation for 36 gold pieces
 20973 | Orc:2    | Bought a scroll of teleportation for 36 gold pieces
 20973 | Orc:2    | Bought a scroll of identify for 24 gold pieces
 20973 | Orc:2    | Bought a scroll of identify for 24 gold pieces
 21189 | Orc:2    | Found Ryewuite's Jewellery Boutique.
 21198 | Orc:2    | Bought a +5 amulet of reflection for 535 gold pieces
 21511 | Orc:2    | Received a gift from Okawaru
 21530 | Orc:2    | Found Pounlez's Gadget Boutique.
 21530 | Orc:2    | Found a one-way gate leading to the halls of Pandemonium.
 21530 | Orc:2    | Found Enipt's Antique Weapon Shop.
 22093 | D:13     | Found Juatwas's Armour Boutique.
 22096 | D:13     | Bought the +1 large shield of Saann {+Inv SInv} for 304
                  | gold pieces
 22136 | D:13     | Found Nixzou's Assorted Antiques.
 22580 | D:13     | Found a gate to the Vaults.
 22630 | D:13     | Reached XP level 16. HP: 107/107 MP: 22/24
 23891 | D:14     | Found a hazy altar of Hepliaklqana.
 23946 | D:15     | Entered Level 15 of the Dungeon
 24036 | D:15     | Received a gift from Okawaru
 24185 | D:15     | Noticed Nessos
 24193 | D:15     | Killed Nessos
 24228 | D:15     | Noticed Louise
 24256 | D:15     | Killed Louise
 24496 | D:15     | Found a sparkling altar of Nemelex Xobeh.
 24586 | D:15     | Reached skill level 5 in Evocations
 24616 | D:15     | Found a staircase to the Depths.
 24626 | D:15     | Received a gift from Okawaru
 24757 | D:15     | Noticed Kirke
 24773 | D:15     | Killed Kirke
 25138 | D:9      | Killed kroki's ghost
 25138 | D:9      | Reached skill level 15 in Fighting
 25427 | Lair:6   | Killed Enish's ghost
 25427 | Lair:6   | Reached skill level 15 in Armour
 25541 | Spider:1 | Entered Level 1 of the Spider Nest
 25590 | Spider:1 | Received a gift from Okawaru
 26108 | Spider:1 | Reached skill level 15 in Shields
 26234 | Spider:1 | Found a transporter.
 26241 | Spider:1 | Reached XP level 17. HP: 113/113 MP: 25/25
 26258 | Spider:1 | Noticed Ruupoynew's ghost (adept HOFi)
 26369 | Spider:1 | Noticed Asterion
 26397 | Spider:1 | Killed Asterion
 26461 | Spider:1 | Found a transporter.
 26515 | Spider:1 | Found a roughly hewn altar of Beogh.
 26610 | Spider:1 | Killed Ruupoynew's ghost
 26610 | Spider:1 | Received a gift from Okawaru
 26702 | Spider:1 | Got an ancient hat
 26721 | Spider:1 | Identified the +2 hat "Nafig" {rPois Regen+ Int+2} (You
                  | found it on level 1 of the Spider Nest)
 27454 | Spider:3 | Noticed Mara
 27456 | Spider:3 | Noticed kiredor's illusion
 27487 | Spider:3 | Killed Mara
 27487 | Spider:3 | Received a gift from Okawaru
 27506 | Spider:3 | Noticed Arachne
 27522 | Spider:3 | Killed Arachne
 27967 | Spider:3 | Reached XP level 18. HP: 120/120 MP: 26/26
 28378 | Swamp:1  | Entered Level 1 of the Swamp
 28423 | Swamp:1  | Reached skill level 5 in Throwing
 28826 | Swamp:1  | Received a gift from Okawaru
 29080 | Swamp:2  | Got a crystal mace
 29085 | Swamp:2  | Identified the cursed +3 mace of Subjectivity {flame, rPois
                  | rC+ Int+5} (You found it on level 2 of the Swamp)
 29796 | Swamp:3  | Received a gift from Okawaru
 29797 | Swamp:3  | Found the +1 cloak of Starlight {god gift, rElec rC+ EV+4
                  | Stlth--}
 29912 | Swamp:3  | Noticed Aizul
 29954 | Swamp:3  | Killed Aizul
 30052 | Swamp:3  | Identified Roxanne's Papyrus of Changing
 30052 | Swamp:3  | Noticed Roxanne
 30087 | Swamp:3  | Killed Roxanne
 31242 | Elf:1    | Entered Level 1 of the Elven Halls
 31416 | Elf:1    | Found a magical portal.
 31430 | WizLab   | Entered The Roulette of Golubria
 31430 | WizLab   | Found a transporter.
 31433 | WizLab   | Found a corrupted altar of Lugonu.
 31458 | WizLab   | Found a transporter.
 31468 | WizLab   | Found a transporter.
 31548 | WizLab   | Found a corrupted altar of Lugonu.
 31549 | WizLab   | Found a transporter.
 31594 | WizLab   | Found a transporter.
 31655 | WizLab   | Found a transporter.
 31659 | WizLab   | Found a transporter.
 31688 | WizLab   | Found a transporter.
 31796 | WizLab   | Found a transporter.
 31843 | WizLab   | Found a transporter.
 31978 | WizLab   | Found a transporter.
 31978 | WizLab   | Found a transporter.
 32038 | WizLab   | Found a transporter.
 32038 | WizLab   | Found a transporter.
 32121 | WizLab   | Found a transporter.
 32121 | WizLab   | Found a transporter.
 32147 | WizLab   | Found a transporter.
 32147 | WizLab   | Found a transporter.
 32193 | WizLab   | Found a transporter.
 32265 | WizLab   | Got a pitted cloak
 32283 | WizLab   | Got a brightly glowing cloak
 32286 | WizLab   | Got a steaming cloak
 32310 | Elf:1    | Identified the cursed -1 cloak of Eguetz {rCorr SInv} (You
                  | found it in a wizard's laboratory)
 32322 | Elf:1    | Identified the +1 cloak "Kusapteo" {+Inv rC- Dex+2} (You
                  | found it in a wizard's laboratory)
 32332 | Elf:1    | Identified the +2 cloak of the Moon {+Blink rPois MR+
                  | Str-2} (You found it in a wizard's laboratory)
 32384 | Elf:1    | Received a gift from Okawaru
 32536 | Elf:1    | Reached XP level 19. HP: 116/127 MP: 28/28
 32576 | Elf:1    | Received a gift from Okawaru
 32592 | Elf:1    | Got a crystal morningstar {god gift}
 32593 | Elf:1    | Identified the +6 morningstar of the Other Side {god gift,
                  | flame, Str+2 Dex+2} (Okawaru gifted it to you on level 1 of
                  | the Elven Halls)
 33714 | Elf:2    | Found a runed translucent gate.
 33715 | Elf:2    | Found a runed translucent gate.
 33720 | Elf:2    | Found a runed translucent gate.
 33823 | Elf:2    | Received a gift from Okawaru
 33877 | Elf:2    | Got a pair of twisted boots {god gift}
 33926 | Elf:2    | Identified the +2 pair of boots of Philately {god gift,
                  | +Blink rCorr Int+4 Dex-5} (Okawaru gifted it to you on
                  | level 2 of the Elven Halls)
 34250 | Elf:2    | Reached skill level 10 in Throwing
 34811 | Spider:4 | Entered Level 4 of the Spider Nest
 35096 | Spider:4 | Received a gift from Okawaru
 35119 | Spider:4 | Got a dazzling plate armour {god gift}
 35174 | Spider:3 | Identified the +7 plate armour "Futezio" {god gift, MR+}
                  | (Okawaru gifted it to you on level 4 of the Spider Nest)
 35298 | Spider:4 | Reached XP level 20. HP: 118/135 MP: 0/29
 35681 | Spider:4 | Got a gossamer rune of Zot
 36314 | Swamp:4  | Entered Level 4 of the Swamp
 36369 | Swamp:4  | Found a runed translucent door.
 36369 | Swamp:4  | Found a shimmering altar of Xom.
 36369 | Swamp:4  | Noticed P0WERM0DE's ghost (adept GrFi)
 36386 | Swamp:4  | Received a gift from Okawaru
 36424 | Swamp:4  | Got an ichor-stained morningstar {god gift}
 36425 | Swamp:4  | Identified the +4 morningstar of Mandamus {god gift,
                  | antimagic, Dex+4} (Okawaru gifted it to you on level 4 of
                  | the Swamp)
 36514 | Swamp:4  | Killed P0WERM0DE's ghost
 36514 | Swamp:4  | Reached skill level 1 in Dodging
 36892 | Swamp:3  | Received a gift from Okawaru
 36990 | Swamp:4  | Noticed the 27-headed Lernaean hydra
 36992 | Swamp:4  | Killed the 27-headed Lernaean hydra
 36992 | Swamp:4  | Received a gift from Okawaru
 37077 | Swamp:4  | Got a decaying rune of Zot
 37810 | Vaults:1 | Entered Level 1 of the Vaults
 37998 | Vaults:1 | Received a gift from Okawaru
 38172 | Vaults:1 | Received a gift from Okawaru
 38176 | Vaults:1 | Reached XP level 21. HP: 56/142 MP: 30/30
 38553 | Vaults:1 | Received a gift from Okawaru
 38891 | Vaults:1 | Identified the +3 hand crossbow of the Other Side {flame,
                  | Fragile rC+ Int+6 Stlth+}
 38905 | Vaults:1 | Received a gift from Okawaru
 38962 | Vaults:1 | Got a dazzling helmet {god gift}
 38973 | Vaults:1 | Identified the +0 helmet of the Guardian {god gift, MP+9
                  | Dex+2 Stlth-} (Okawaru gifted it to you on level 1 of the
                  | Vaults)
 39558 | Vaults:2 | Found a staircase to the Crypt.
 39873 | Vaults:2 | Reached skill level 15 in Maces & Flails
 39934 | Vaults:2 | You are sucked into a shaft and drop 1 floor!
 39943 | Vaults:3 | Reached skill level 5 in Dodging
 39976 | Vaults:3 | Noticed Jory
 39987 | Vaults:3 | Killed Jory
 40121 | Vaults:3 | Received a gift from Okawaru
 40241 | Vaults:3 | Received a gift from Okawaru
 40262 | Vaults:3 | Reached XP level 22. HP: 123/149 MP: 9/31
 40267 | Vaults:3 | Got a warped flail {god gift}
 40362 | Vaults:3 | Identified the +9 flail of Royalism {god gift, crush, rC+++
                  | rN+ MR+ Str-4} (Okawaru gifted it to you on level 3 of the
                  | Vaults)
 40385 | Vaults:3 | Got a crystal trident
 40387 | Vaults:3 | Got an ichor-stained morningstar
 40439 | Vaults:3 | Identified the cursed +1 trident of the Extremely Mad
                  | {pierce, Dex+5} (You found it on level 3 of the Vaults)
 40441 | Vaults:3 | Identified the +8 morningstar "Padaudut" {speed, *Rage
                  | Fragile +Blink Int+7} (You found it on level 3 of the
                  | Vaults)
 40638 | Vaults:2 | Found a runed translucent gate.
 40638 | Vaults:2 | Found a runed translucent gate.
 40638 | Vaults:2 | Found a runed translucent gate.
 40639 | Vaults:2 | Noticed Lulakk's ghost (adept DDFi)
 40656 | Vaults:2 | Killed Lulakk's ghost
 40847 | Vaults:2 | Found a stormy altar of Qazlal.
 40881 | Vaults:2 | Noticed Sojobo
 40881 | Vaults:2 | Noticed Frederick
 40908 | Vaults:2 | Killed Sojobo
 40915 | Vaults:2 | Killed Frederick
 41235 | Vaults:2 | Received a gift from Okawaru
 41256 | Vaults:2 | Got a pair of brightly glowing boots {god gift}
 41269 | Vaults:2 | Identified the -6 pair of boots of Ulyploev {god gift,
                  | Str+4 Int+2 Dex+3} (Okawaru gifted it to you on level 2 of
                  | the Vaults)
 42255 | Vaults:3 | Got a heavily runed amber ring
 42267 | Vaults:3 | Identified the ring "Pyoter" {MR+ Stlth+} (You found it on
                  | level 3 of the Vaults)
 42299 | Vaults:3 | Found a sacrificial altar of Ru.
 42718 | Vaults:3 | Got a brightly glowing leather armour
 42729 | Vaults:3 | Identified the +3 leather armour "Xivio" {rCorr Int+3
                  | Dex+2} (You found it on level 3 of the Vaults)
 43278 | Vaults:4 | Received a gift from Okawaru
 43318 | Vaults:4 | Reached XP level 23. HP: 156/156 MP: 32/32
 44117 | Vaults:4 | Received a gift from Okawaru
 44134 | Vaults:4 | Cast into level 2 of the Abyss (vault guard)
 44134 | Abyss:2  | Found a corrupted altar of Lugonu.
 44203 | Abyss:2  | Paralysed by accursed screaming for 1 turns
 44209 | Abyss:2  | Paralysed by accursed screaming for 1 turns
 44218 | Abyss:2  | Paralysed by accursed screaming for 2 turns
 44261 | Abyss:2  | Found a corrupted altar of Lugonu.
 44378 | Abyss:2  | Paralysed by accursed screaming for 2 turns
 44387 | Abyss:2  | Paralysed by accursed screaming for 2 turns
 44394 | Abyss:2  | Paralysed by accursed screaming for 2 turns
 44398 | Abyss:2  | Paralysed by accursed screaming for 2 turns
 44575 | Abyss:2  | Gained mutation: Your magical capacity is very low. (-20%
                  | MP) [a neqoxec]
 44753 | Vaults:4 | Escaped the Abyss
 45363 | Depths:1 | Entered Level 1 of the Depths
 45511 | Depths:1 | Received a gift from Okawaru
 45562 | Depths:1 | Got a dazzling morningstar {god gift}
 45563 | Depths:1 | Identified the +7 morningstar of the Grave {god gift, holy,
                  | +Inv rF+ rC+} (Okawaru gifted it to you on level 1 of the
                  | Depths)
 45639 | Depths:1 | Found a gateway to a ziggurat.
 45643 | Depths:1 | Paralysed by a floating eye for 3 turns
 45662 | Depths:1 | Found Lysakkusmo's Changing Room.
 45692 | Depths:1 | Bought a potion of mutation for 96 gold pieces
 46165 | Depths:1 | Found a gateway to Hell.
 46301 | Depths:1 | Found Ucuih's Antique Armour Boutique.
 46706 | Depths:2 | Received a gift from Okawaru
 46713 | Depths:2 | Got a jewelled eveningstar {god gift}
 46717 | Depths:2 | Identified the +8 eveningstar "Lithror" {god gift, freeze,
                  | MR+} (Okawaru gifted it to you on level 2 of the Depths)
 46916 | Depths:2 | Reached XP level 24. HP: 149/164 MP: 29/29
 47268 | Depths:2 | Received a gift from Okawaru
 47334 | Depths:2 | Got a spiked cloak
 47342 | Depths:2 | Identified the +0 cloak of the Sailor {rF+ MR+ Slay+5} (You
                  | found it on level 2 of the Depths)
 47468 | Depths:2 | Paralysed by a floating eye for 3 turns
 47709 | Depths:2 | Received a gift from Okawaru
 47777 | Depths:2 | Reached skill level 10 in Dodging
 47947 | Depths:2 | Found a one-way gate to the infinite horrors of the Abyss.
 48066 | Depths:3 | Received a gift from Okawaru
 48140 | Depths:3 | Received a gift from Okawaru
 48422 | Depths:3 | Received a gift from Okawaru
 48425 | Depths:3 | Got a twisted trident {god gift}
 48426 | Depths:3 | Identified the +6 trident of a Thousand Allies {god gift,
                  | antimagic, Str+4} (Okawaru gifted it to you on level 3 of
                  | the Depths)
 48512 | Depths:3 | Noticed Nikola
 48543 | Depths:3 | Killed Nikola
 48859 | Depths:3 | Received a gift from Okawaru
 48945 | Depths:3 | Found a glowing silver altar of Zin.
 48945 | Depths:3 | Noticed Mennas
 48968 | Depths:3 | Killed Mennas
 48968 | Depths:3 | Received a gift from Okawaru
 49700 | Depths:3 | Identified the +2 buckler "Ivis" {rC+ SInv}
 49881 | Depths:4 | Received a gift from Okawaru
 49886 | Depths:4 | Reached XP level 25. HP: 151/172 MP: 27/29
 50089 | Depths:4 | Received a gift from Okawaru
 50197 | Depths:4 | Got a shimmering marble ring
 50772 | Depths:4 | Noticed a juggernaut
 50968 | Depths:4 | Killed a juggernaut
 51139 | Depths:4 | Identified the ring of Icigur {Fire +Blink} (You found it
                  | on level 4 of the Depths)
 51190 | Depths:4 | Noticed a juggernaut
 51227 | Depths:4 | Killed a juggernaut
 51231 | Depths:4 | Received a gift from Okawaru
 51254 | Depths:4 | Got a pair of fine boots {god gift}
 51301 | Depths:4 | Identified the -4 pair of boots "Ybiowef" {god gift, Str+3
                  | Int+4} (Okawaru gifted it to you on level 4 of the Depths)
 51507 | Depths:4 | Reached XP level 26. HP: 180/180 MP: 29/29
 51579 | Depths:4 | Noticed a juggernaut
 51594 | Depths:4 | Killed a juggernaut
 51794 | Depths:4 | Found the +7 pair of quick blades "Gyre" and "Gimble"
                  | {protect}
 51932 | Depths:4 | Received a gift from Okawaru
 52541 | Depths:5 | Entered Level 5 of the Depths
 53093 | Depths:5 | Found a gate to the Realm of Zot.
 53529 | Vaults:5 | Entered Level 5 of the Vaults
 53663 | Vaults:5 | Received a gift from Okawaru
 53823 | Vaults:5 | Reached XP level 27. HP: 188/188 MP: 29/29
 54256 | Vaults:5 | Identified the +6 great mace "Hydrabane" {elec, rElec MR++
                  | Int+5}
 54336 | Vaults:5 | Identified the cursed +1 plate armour of the Pure People
                  | {Regen+ Int+3 SInv}
 54626 | Vaults:5 | Received a gift from Okawaru
 55055 | Vaults:5 | Got a silver rune of Zot
 55111 | Vaults:5 | Identified the Tome of the Doomed Blaze
 56048 | Zot:1    | Entered Level 1 of the Realm of Zot
 56329 | Zot:1    | Received a gift from Okawaru
 56330 | Zot:1    | Got a transparent ring mail {god gift}
 56331 | Zot:1    | Identified the +5 ring mail "Zucuk" {god gift, rCorr Dex+3
                  | Stlth+} (Okawaru gifted it to you on level 1 of the Realm
                  | of Zot)
 57874 | Zot:2    | Reached skill level 15 in Dodging
 57994 | Zot:2    | Received a gift from Okawaru
 58147 | Zot:3    | Received a gift from Okawaru
 59044 | Zot:3    | Received a gift from Okawaru
 59403 | Zot:3    | Found the +3 giant club "Skullcrusher" {speed, Str+7}
 59545 | Zot:4    | Found a transporter.
 59758 | Zot:4    | Received a gift from Okawaru
 59781 | Zot:4    | Got a scorched helmet {god gift}
 59782 | Zot:4    | Identified the +0 helmet of Foanici {god gift, Dex+6}
                  | (Okawaru gifted it to you on level 4 of the Realm of Zot)
 59903 | Zot:4    | Found a transporter.
 60575 | Zot:4    | Noticed an orb of fire
 60575 | Zot:4    | Gained mutation: Your magical capacity is very low. (-20%
                  | MP) [an orb of fire]
 60590 | Zot:4    | Killed an orb of fire
 60644 | Zot:4    | Got an ichor-stained long sword
 60645 | Zot:4    | Identified the cursed +3 long sword of the Vase {slice, MR-
                  | Int+7 Dex+4} (You found it on level 4 of the Realm of Zot)
 60647 | Zot:4    | Got a warped steel amulet
 60657 | Zot:4    | Got a smoking turquoise ring
 60667 | Zot:4    | Identified the amulet of Discretion {Inacc +Inv rPois
                  | Int-4} (You found it on level 4 of the Realm of Zot)
 60668 | Zot:4    | Identified the ring "Feracy" {-Tele rElec Slay+5 Stlth+}
                  | (You found it on level 4 of the Realm of Zot)
 61318 | Zot:5    | Entered Level 5 of the Realm of Zot
 61515 | Zot:5    | Noticed an orb of fire
 61528 | Zot:5    | Killed an orb of fire
 61528 | Zot:5    | Received a gift from Okawaru
 61529 | Zot:5    | Got a bloodstained demon whip {god gift}
 61808 | Zot:5    | Identified the +8 demon whip "Ogreslayer" {god gift, flame,
                  | *Drain rPois rF+++ Dex+3} (Okawaru gifted it to you on
                  | level 5 of the Realm of Zot)
 62000 | Zot:5    | Noticed an ancient lich
 62014 | Zot:5    | Killed an ancient lich
 62014 | Zot:5    | Received a gift from Okawaru
 62101 | Zot:5    | Received a gift from Okawaru
 62155 | Zot:5    | Noticed an orb of fire
 62174 | Zot:5    | Killed an orb of fire
 62186 | Zot:5    | Noticed an orb of fire
 62188 | Zot:5    | Gained mutation: You are dopey. (Int -2) [an orb of fire]
 62199 | Zot:5    | Gained mutation: You occasionally shout uncontrollably at
                  | your foes. [an orb of fire]
 62200 | Zot:5    | Gained mutation: You are frail. (-10% HP) [an orb of fire]
 62202 | Zot:5    | Killed an orb of fire
 62247 | Zot:5    | Lost mutation: You occasionally shout uncontrollably at
                  | your foes. [potion of mutation]
 62247 | Zot:5    | Lost mutation: You are dopey. (Int -2) [potion of mutation]
 62247 | Zot:5    | Gained mutation: Your body sometimes deteriorates upon
                  | taking damage. [potion of mutation]
 62247 | Zot:5    | Gained mutation: You are very frail. (-20% HP) [potion of
                  | mutation]
 62247 | Zot:5    | Gained mutation: You tend to lose your temper in combat.
                  | [potion of mutation]
 62247 | Zot:5    | Gained mutation: You evolve. [potion of mutation]
 62248 | Zot:5    | Lost mutation: You are very frail. (-20% HP) [potion of
                  | mutation]
 62248 | Zot:5    | Lost mutation: Your body sometimes deteriorates upon taking
                  | damage. [potion of mutation]
 62248 | Zot:5    | Gained mutation: Your mind is acute. (Int +2) [potion of
                  | mutation]
 62248 | Zot:5    | Gained mutation: You are partially covered in rugged brown
                  | scales. (AC +1, +3% HP) [potion of mutation]
 62249 | Zot:5    | Lost mutation: You tend to lose your temper in combat.
                  | [potion of mutation]
 62249 | Zot:5    | Lost mutation: Your magical capacity is very low. (-20% MP)
                  | [potion of mutation]
 62249 | Zot:5    | Lost mutation: Your magical capacity is low. (-10% MP)
                  | [potion of mutation]
 62249 | Zot:5    | Gained mutation: You are partially covered in slimy green
                  | scales. (AC +2) [potion of mutation]
 62249 | Zot:5    | Gained mutation: Your body sometimes deteriorates upon
                  | taking damage. [potion of mutation]
 62249 | Zot:5    | Gained mutation: You expend magic power (3 MP) to
                  | strengthen your wands. [potion of mutation]
 62250 | Zot:5    | Lost mutation: You are partially covered in rugged brown
                  | scales. (AC +1, +3% HP) [potion of mutation]
 62250 | Zot:5    | Lost mutation: You expend magic power (3 MP) to strengthen
                  | your wands. [potion of mutation]
 62250 | Zot:5    | Lost mutation: Your mind is acute. (Int +2) [potion of
                  | mutation]
 62250 | Zot:5    | Gained mutation: Scrolls take you a little longer to read.
                  | [potion of mutation]
 62250 | Zot:5    | Gained mutation: You are clumsy. (Dex -2) [potion of
                  | mutation]
 62250 | Zot:5    | Lost mutation: You are clumsy. (Dex -2) [potion of
                  | mutation]
 62251 | Zot:5    | Lost mutation: Scrolls take you a little longer to read.
                  | [potion of mutation]
 62251 | Zot:5    | Lost mutation: You are frail. (-10% HP) [potion of
                  | mutation]
 62251 | Zot:5    | Gained mutation: You have a pair of small horns on your
                  | head. [potion of mutation]
 62251 | Zot:5    | Gained mutation: You are agile. (Dex +2) [potion of
                  | mutation]
 62251 | Zot:5    | Gained mutation: You are very agile. (Dex +4) [potion of
                  | mutation]
 62252 | Zot:5    | Lost mutation: You have a pair of small horns on your head.
                  | [potion of mutation]
 62252 | Zot:5    | Lost mutation: You are very agile. (Dex +4) [potion of
                  | mutation]
 62252 | Zot:5    | Gained mutation: Your muscles are strong. (Str +2) [potion
                  | of mutation]
 62253 | Zot:5    | Lost mutation: You are agile. (Dex +2) [potion of mutation]
 62253 | Zot:5    | Lost mutation: Your muscles are strong. (Str +2) [potion of
                  | mutation]
 62253 | Zot:5    | Lost mutation: You are partially covered in slimy green
                  | scales. (AC +2) [potion of mutation]
 62253 | Zot:5    | Lost mutation: Your body sometimes deteriorates upon taking
                  | damage. [potion of mutation]
 62253 | Zot:5    | Gained mutation: Your body sometimes deteriorates upon
                  | taking damage. [potion of mutation]
 62253 | Zot:5    | Gained mutation: Your spells are a little easier to cast,
                  | but a little less powerful. [potion of mutation]
 62253 | Zot:5    | Gained mutation: You are partially covered in slimy green
                  | scales. (AC +2) [potion of mutation]
 62254 | Zot:5    | Lost mutation: Your spells are a little easier to cast, but
                  | a little less powerful. [potion of mutation]
 62254 | Zot:5    | Lost mutation: You evolve. [potion of mutation]
 62254 | Zot:5    | Lost mutation: Your body sometimes deteriorates upon taking
                  | damage. [potion of mutation]
 62254 | Zot:5    | Gained mutation: Your spells are a little easier to cast,
                  | but a little less powerful. [potion of mutation]
 62254 | Zot:5    | Gained mutation: Your spells are easier to cast, but less
                  | powerful. [potion of mutation]
 62254 | Zot:5    | Gained mutation: You have supernaturally acute eyesight.
                  | (SInv) [potion of mutation]
 62424 | Zot:5    | Received a gift from Okawaru
 62640 | Zot:5    | Noticed an ancient lich
 62656 | Zot:5    | Noticed an orb of fire
 62663 | Zot:5    | Noticed an orb of fire
 62692 | Zot:5    | Gained mutation: You are weak. (Str -2) [an orb of fire]
 62701 | Zot:5    | Gained mutation: Your body sometimes deteriorates upon
                  | taking damage. [an orb of fire]
 62834 | Zot:4    | Lost mutation: You are partially covered in slimy green
                  | scales. (AC +2) [potion of mutation]
 62834 | Zot:4    | Lost mutation: You are weak. (Str -2) [potion of mutation]
 62834 | Zot:4    | Lost mutation: Your body sometimes deteriorates upon taking
                  | damage. [potion of mutation]
 62834 | Zot:4    | Lost mutation: Your spells are easier to cast, but less
                  | powerful. [potion of mutation]
 62834 | Zot:4    | Gained mutation: Your body sometimes deteriorates upon
                  | taking damage. [potion of mutation]
 62834 | Zot:4    | Gained mutation: Your movements are slightly less
                  | encumbered by armour. (ER -2) [potion of mutation]
 62840 | Zot:5    | Killed an orb of fire
 62849 | Zot:5    | Killed an orb of fire
 62864 | Zot:5    | Killed an ancient lich
 62887 | Zot:4    | HP: 6/196 [death cob (14)]
 62887 | Zot:4    | Slain by an Orb Guardian
